 Dungeon Crawl Stone Soup version 0.30-a0-250-g41c1d76940 (webtiles) character file.

Game seed: 4551180978625038802

135 gzilladon the Trooper (level 4, -6/41 HPs)
             Began as a Minotaur Fighter on Oct 12, 2022.
             Splashed by a jelly's acid (7 damage)
             ... on level 3 of the Dungeon.
             The game lasted 00:06:29 (2010 turns).

gzilladon the Trooper (Minotaur Fighter)            Turns: 2010, Time: 00:06:29

Health: -6/41      AC: -1    Str: 22    XL:     4   Next: 96%
Magic:  3/3        EV:  9    Int:  5    God:
Gold:   172        SH:  4    Dex: 10    Spells: 3/3 levels left

rFire   . . .      SeeInvis .    a - +0 war axe
rCold   + . .      Faith    .    c - +0 buckler
rNeg    . . .      Spirit   .    o - +3 scale mail {rC+}
rPois   .          Reflect  .    (helmet restricted)
rElec   .          Harm     .    (no cloak)
rCorr   .          Rampage  .    (no gloves)
Will    .....                    (no boots)
Stlth   ..........               (no amulet)
HPRegen 0.26/turn                (no ring)
MPRegen 0.08/turn                (no ring)

@: corroded
A: horns 2, retaliatory headbutt
a: no special abilities


You were on level 3 of the Dungeon.
You visited 1 branch of the dungeon, and saw 3 of its levels.

You collected 172 gold pieces.

Inventory:

Hand Weapons
 a - a +0 war axe (weapon)
Missiles
 e - 8 poisoned darts (quivered)
 h - 15 stones
Armour
 b - a +0 scale mail
 c - a +0 buckler (worn)
 o - a +3 scale mail of cold resistance (worn)
Jewellery
 f - a ring of protection from fire
Wands
 r - a wand of digging (7)
Scrolls
 i - 2 scrolls of poison {unknown}
 j - 2 scrolls of teleportation {unknown}
 k - 3 scrolls of magic mapping {unknown}
 l - 4 scrolls of identify {unknown}
 m - a scroll of immolation {unknown}
 q - 2 scrolls of fear {unknown}
 s - a scroll of enchant weapon {unknown}
Potions
 d - a potion of might
 g - 3 potions of curing {unknown}
 n - a potion of flight {unknown}
 p - a potion of degeneration {unknown}


   Skills:
 + Level 4.7 Fighting
 + Level 3.9 Axes
 + Level 4.6 Armour
 + Level 0.5 Dodging
 + Level 4.2 Shields


You had 3 spell levels left.
You didn't know any spells.
Your spell library contained the following spells:

 Spells                   Type           Power      Damage    Failure   Level
 Call Canine Familiar     Summ           0%         N/A       99%         3
 Portal Projectile        Hex/Tloc       0%         N/A       99%         3
 Leda's Liquefaction      Hex/Erth       0%         N/A       100%        4


Dungeon Overview and Level Annotations

Branches:
Dungeon (3/15)

Altars:
Hepliaklqana


Innate Abilities, Weirdness & Mutations

You have a pair of horns on your head.
You reflexively headbutt those who attack you in melee.


Message History

Found a stone staircase leading down.
You now have 172 gold pieces (gained 10).
Found 8 gold pieces.
You hear a distant slurping noise.
Found 15 gold pieces.
A jelly comes into view.
The jelly quivers.
You hit the jelly. The acid corrodes you!
Your hands burn!
The jelly is moderately wounded.
The jelly barely misses you. You furiously retaliate!
You headbutt the jelly! You hit the jelly. The acid corrodes you!
Your hands burn!
The jelly is heavily wounded.
The jelly barely misses you.
You barely miss the jelly.
You headbutt the jelly, but do no damage.
The jelly is heavily wounded.
The jelly hits you.
You are splashed with acid!
You block the jelly's attack.
You slash the jelly!
Your hands burn!
The jelly is severely wounded.
The jelly hits you but does no damage.
You hit the jelly but do no damage.
Your hands burn!
The jelly is severely wounded.
The jelly hits you.
You are splashed with acid.
You block the jelly's attack.
You hit the jelly but do no damage.
Your hands burn!
The jelly is severely wounded.
The jelly barely misses you.
You hit the jelly.
Your hands burn!
* * * LOW HITPOINT WARNING * * *
The jelly is almost dead.
The jelly barely misses you.
You barely miss the jelly.
The jelly is almost dead.
The jelly hits you.
* * * LOW HITPOINT WARNING * * *
The acid corrodes you!
You are splashed with acid!
* * * LOW HITPOINT WARNING * * *
The jelly hits you.
* * * LOW HITPOINT WARNING * * *
You are splashed with acid!
You die...

... ... ...
#.# #.# # #.#
# #J# # #@# #
#.# # #.#.# .
#.#.# #.#
#.#.#####
#.###.#...$..
#......#
#......#
#......#


You could see a jelly.

Vanquished Creatures
  Ijyb (D:3)
  Terence (D:2)
  3 adders
  4 ball pythons (D:1)
  4 endoplasms
  5 giant cockroaches
  6 goblins
  4 hobgoblins
  2 jackals (D:3)
  7 quokkas
  A bat (D:1)
  4 frilled lizards (D:1)
  5 kobolds
  4 rats
  A spectral kobold (D:2)
52 creatures vanquished.

Notes
Turn   | Place    | Note
-------+----------+-------------------------------------------
     0 | D:1      | gzilladon the Minotaur Fighter began the quest for the Orb.
     0 | D:1      | Reached XP level 1. HP: 19/19 MP: 0/0
   108 | D:1      | Reached XP level 2. HP: 27/27 MP: 1/1
   478 | D:1      | Reached XP level 3. HP: 33/33 MP: 2/2
  1082 | D:2      | Found a faded altar of an unknown god.
  1316 | D:2      | Reached XP level 4. HP: 31/40 MP: 3/3
  1415 | D:2      | Noticed Terence
  1424 | D:2      | Killed Terence
  1823 | D:3      | Noticed Ijyb
  1840 | D:3      | Killed Ijyb
  1924 | D:3      | Found a hazy altar of Hepliaklqana.
  2010 | D:3      | HP: 2/41 [acid (8)]
  2010 | D:3      | Splashed by a jelly's acid

Illustrated notes

Levels and vault maps discovered:
D:1:      tarquinn_simple_flora_water_b, layout_loops_ring
D:2:      layout_basic, dreamdust_ecumenical_altar_drowned_temple, uniq_terence
D:3:      layout_basic, nicolae_hepliaklqana_hippocampus, serial_shops, shop,
          uniq_ijyb

Skill      XL: |  1  2 |
---------------+-------+-----
Shields        | 4 |  4.2
Fighting       | 4 |  4.7
Armour         | 4 |  4.6
Axes           | 3 |  3.9
Dodging        | |  0.5

Action                   |  1- 3 |  4- 6 || total
-------------------------+-------+-------++-------
Melee: War axe           |    80 |    36 ||   116
       Headbutt          |     8 |     6 ||    14
Armor: Scale mail        |    39 |    15 ||    54
Dodge: Dodged            |    47 |    16 ||    63
Block: Buckler           |    26 |    12 ||    38

Table legend: (Time is in decaauts)
 A = Elapsed time spent in this place.
 B = Non-inter-level travel time spent in this place.
 C = Inter-level travel time spent in this place.
 D = Time resting spent in this place.
 E = Time spent auto-exploring this place.
 F = Levels seen in this place.
 G = Mean time per level.
                   A        B        C        D        E       F      G
               +--------+--------+--------+--------+--------+-----+--------+
         Total |   2066 |   1554 |    512 |    125 |      0 |   3 |  688.7 |
       Dungeon |   2066 |   1554 |    512 |    125 |      0 |   3 |  688.7 |
               +--------+--------+--------+--------+--------+-----+--------+

Top non-repeatable levels by time:
     D:2: 934 daAuts
     D:1: 902 daAuts
     D:3: 228 daAuts
